 Dungeon Crawl Stone Soup version 0.30.1-4-g462c640d31 (webtiles) character file.

Game seed: 11532647976743031095

34 lxXxl the Trooper (level 3, 0/33 HPs)
             Began as a Minotaur Fighter on Aug 18, 2023.
             Slain by Sigmund
             ... wielding a +0 scythe
              (6 damage)
             ... on level 2 of the Dungeon.
             The game lasted 00:02:11 (826 turns).

lxXxl the Trooper (Minotaur Fighter)                 Turns: 826, Time: 00:02:12

Health: 0/33       AC:  8    Str: 22    XL:     3   Next: 14%
Magic:  2/2        EV:  9    Int:  5    God:
Gold:   43         SH:  0    Dex:  9    Spells: 2/2 levels left

rFire   . . .        a - +0 war axe
rCold   . . .        c - +0 buckler
rNeg    . . .        b - +0 scale mail
rPois   .            (helmet restricted)
rElec   .            (no cloak)
rCorr   .            (no gloves)
SInv    .            h - +0 pair of boots
Will    .....        (no amulet) Stlth
                     (no ring)
HPRegen 0.25/turn    (no ring)
MPRegen 0.08/turn

%: no passive effects
@: confused
A: horns 2, retaliatory headbutt
a: no special abilities


You were on level 2 of the Dungeon.
You visited 1 branch of the dungeon, and saw 2 of its levels.

You collected 43 gold pieces.

Inventory:

Hand Weapons
 a - a +0 war axe (weapon)
Armour
 b - a +0 scale mail (worn)
 c - a +0 buckler (worn)
 h - a +0 pair of boots (worn)
Scrolls
 e - 2 scrolls of torment {unknown}
 f - 2 scrolls of identify {unknown}
 g - 2 scrolls of enchant weapon {unknown}
 i - 3 scrolls of poison {unknown}
 j - a scroll of enchant armour {unknown}
Potions
 d - a potion of might
 k - a potion of mutation {unknown}
 l - a potion of cancellation {unknown}
 m - 2 potions of heal wounds {unknown}


   Skills:
 + Level 4.3 Fighting
 - Level 3.0 Axes
 - Level 4.0 Armour
 - Level 4.0 Shields


You had 2 spell levels left.
You didn't know any spells.
Your spell library was empty.

Dungeon Overview and Level Annotations

Branches:
Dungeon (2/15)

Altars:

Annotations:
D:2 Sigmund


Innate Abilities, Weirdness & Mutations

You have a pair of horns on your head.
You reflexively headbutt those who attack you in melee.


Message History

Sigmund the Dreaded comes into view.
He is wielding a +0 scythe.
Sigmund shouts!
Sigmund gestures wildly while chanting.
Sigmund flickers and vanishes!
Deactivating autopickup; reactivate with Ctrl-A.
There is a strange disturbance nearby!
There is a strange disturbance nearby!
There is a strange disturbance nearby!
No target in view!
No target in view!
No target in view!
No target in view!
Found a stone staircase leading up.
You hear some strange, mumbled words.
You are confused.
You bump into the rock wall.
You hear some strange, mumbled words.
A magic dart appears from out of thin air!
The magic dart hits you! Something hits you but does no damage.
You're too confused to move!
Something hits you.
Found 16 gold pieces.
Something hits you.
You bump into the rock wall.
You feel less confused. Something hits you!
You miss something. You hit something. Something hits you.
* * * LOW HITPOINT WARNING * * *
You slash something!
You hear some strange, mumbled words.
You are confused.
Something hits you but does no damage.
You bump into the rock wall.
Something hits you but does no damage.
You completely miss something. Your headbutt misses something.
Something hits you.
* * * LOW HITPOINT WARNING * * *
You bump into the rock wall.
Something hits you but does no damage.
You slash something! Something hits you.
You die...

#.# #.# #$# #.#
#.# #.#
#.#######.#
#@........<
#.{...#####
##.#.## #.#.#
#.#.# ### #.#.#
#<# #.#.# #.#
#.#.###########.#
..#..........†..#


There were no monsters in sight!

Vanquished Creatures
  An adder (D:2)
  2 ball pythons (D:1)
  2 endoplasms (D:1)
  3 goblins (D:1)
  3 hobgoblins (D:1)
  3 kobolds (D:1)
  2 quokkas (D:1)
  4 bats (D:1)
  2 rats (D:1)
22 creatures vanquished.

Notes
Turn   | Place    | Note
-------+----------+-------------------------------------------
     0 | D:1      | lxXxl the Minotaur Fighter began the quest for the Orb.
     0 | D:1      | Reached XP level 1. HP: 19/19 MP: 0/0
   119 | D:1      | Reached XP level 2. HP: 27/27 MP: 1/1
   795 | D:2      | Reached XP level 3. HP: 33/33 MP: 2/2
   811 | D:2      | Noticed Sigmund
   826 | D:2      | Slain by Sigmund

Illustrated notes

Levels and vault maps discovered:
D:1:      minmay_arrival_doors, layout_basic
D:2:      layout_basic, basic_altar, minmay_between, uniq_sigmund

Skill      XL: |  1  2 |
---------------+-------+-----
Armour         | 4 |  4.0
Fighting       | 4 |  4.3
Axes           | 3 |  3.0
Shields        | 4 |  4.0

Action                     || total
---------------------------++-------
  Melee: War axe           ||    45
         Headbutt          ||     4
 Armour: Scale mail        ||    17
  Dodge: Dodged            ||    17
  Block: Buckler           ||    10
